AoeStats
← turco_asad1

Arena

509233987Analyzed
1v1 RM · 8d ago on Sep 26, 2026· 38m 36s· 2 players
Game mode
Random Map
Map size
Tiny (2 player)
Population
200
Speed
Normal
Resources
Standard
Victory
Conquest
Starting age
Dark Age
Ending age
Imperial Age
RankedLock teamsTeams togetherTeam positionsShared explorationLock speedFull tech treeHidden civsTurbo modeCheats
Victory
Defeat
🇲🇽 Varangians · Mexico
617
+20
🇦🇷 Franks · Argentina
696
-20
papermaniacman
6:24 Loom
9:47 Feudal Age
14:02 Castle Age
12:27 Horse Collar
16:12 Double-Bit Axe
16:52 Town Watch
17:23 Bow Saw
21:24 Wheelbarrow
21:15 Pikeman
24:46 Scale Mail Armor
24:57 Squires
25:40 Forging
29:21 Hand Cart
31:07 Heavy Plow
34:51 Imperial Age
32:24 Gold Mining
32:25 Stone Mining
33:37 Bloodlines
33:28 Husbandry
33:02 Light Cavalry
33:50 Scale Barding Armor
33:46 Padded Archer Armor
34:43 Vendel Legacy
35:31 Fletching
35:57 Leather Archer Armor
36:50 Heavy Mounted Crossbowman
38:31 Conscription
38:17 Cranequins
38:22 Cavalier
turco_asad1
9:37 Feudal Age
7:59 Loom
20:37 Castle Age
20:54 Scale Barding Armor
22:23 Husbandry
26:25 Light Cavalry
28:41 Town Watch
30:30 Fletching
30:26 Ordonnance Companies
32:24 Padded Archer Armor
33:37 Ballistics
34:14 Wheelbarrow
34:07 Fortified Wall
34:25 Murder Holes
35:47 Hand Cart
41:24 Imperial Age
Connection lost

Rejoining the realm…

Still unreachable

The connection could not be restored.

Session expired

The server has moved on; the page needs a fresh start.